 Dungeon Crawl Stone Soup version 0.21.1-1-g345015f (webtiles) character file.

33 Hasart the Magician (level 3, -2/19 HPs)
             Began as a Kobold Wizard on Apr 2, 2018.
             Slain by a worm (7 damage)
             ... on level 2 of the Dungeon.
             The game lasted 00:05:05 (1227 turns).

Hasart the Magician (Kobold Wizard)                 Turns: 1227, Time: 00:05:06

Health: -2/19      AC:  2    Str:  4    XL:     3   Next: 47%
Magic:  7/8        EV: 15    Int: 20    God:
Gold:   42         SH:  0    Dex: 13    Spells: 1/9 levels left

rFire    . . .     SeeInvis .   g - +0 short sword
rCold    . . .     Gourm    .   (shield restricted)
rNeg     . . .     Faith    .   a - +0 robe
rPois    .         Spirit   .   b - +0 hat
rElec    .         Reflect  .   (no cloak)
rCorr    .         Harm     .   (no gloves)
MR       .....                  (no boots)
Stlth    +.........             i - amulet of magic regeneration
HPRegen  0.06/turn              f - ring of wizardry
MPRegen  0.36/turn              (no ring)

@: confused, very slightly contaminated, hasted, invisible, very quick
A: small, carnivore
a: no special abilities


You were on level 2 of the Dungeon.
You were very full.

You visited 1 branch of the dungeon, and saw 2 of its levels.

You collected 42 gold pieces.

Inventory:

Hand Weapons
 g - a +0 short sword (weapon)
Armour
 a - a +0 robe (worn)
 b - a +0 hat (worn)
 k - a +0 buckler
Jewellery
 f - a ring of wizardry (left hand)
 i - an amulet of magic regeneration (around neck)
Scrolls
 j - a scroll of identify {unknown}
Potions
 h - a potion of haste
Books
 c - a book of Minor Magic

   Spells                             Type                      Level
   a - Magic Dart                     Conjuration                  1
   b - Blink                          Translocation                2
   c - Call Imp                       Summoning                    2
   d - Slow                           Hexes                        2
   e - Conjure Flame                  Conjuration/Fire             3
   f - Mephitic Cloud                 Conjuration/Poison/Air       3
Comestibles
 d - a ration


   Skills:
 + Level 2.9 Dodging
 - Level 2.6 Stealth
 + Level 3.5 Spellcasting
 * Level 2.2 Conjurations
 + Level 1.3 Summonings
 - Level 1.0 Translocations


You had one spell level left.
You knew the following spells:

 Your Spells              Type           Power        Failure   Level  Hunger
a - Magic Dart            Conj           ##..         2%          1    None
b - Blink                 Tloc           N/A          6%          2    ##.....
c - Mephitic Cloud        Conj/Pois/Air  #.......     12%         3    ###....
q - Call Imp              Summ           #.......     4%          2    ##.....


Dungeon Overview and Level Annotations

Branches:
Dungeon (2/15)

Altars:

Annotations:
D:2 Jessica, Sigmund


Innate Abilities, Weirdness & Mutations

You are small and have problems with some larger weapons.
You are carnivorous and can eat meat at any time.


Message History

You are more confused.
You are engulfed in noxious fumes.
You choke on the stench!
You are more confused.
* * * LOW HITPOINT WARNING * * *
It was a potion of haste.
You feel yourself speed up.
You are engulfed in noxious fumes.
You choke on the stench!
You are more confused.
It was a potion of invisibility.
You fade into invisibility!
You choke on the stench!
You are more confused.
Jessica is engulfed in noxious fumes.
Jessica appears confused.
You are very lightly contaminated with residual magic.
Unknown command.
You choke on the stench!
You are more confused.
You bump into the rock wall.
You bump into the rock wall.
The worm bites you!
You die...

##### ######
.......#.......#
# .....##.
#...###.#####..
.....#
####..##.# ..>#
.@..##
#.....<†@#....#
....#
#.#####.w.....#
# ##......#
.......#
.#.#....#
.##.#....# ..
..#....# ##
..#....# ...
.###


You could see a worm (wandering).

Vanquished Creatures
  A dart slug (D:1)
  A leopard gecko (D:1)
  3 goblins (D:1)
  A hobgoblin (D:1)
  3 jackals
  5 bats
  A frilled lizard (D:1)
  4 kobolds (D:1)
  6 rats
25 creatures vanquished.

Vanquished Creatures (collateral kills)
  An ooze (D:1)
  A hobgoblin (D:1)
2 creatures vanquished.

Grand Total: 27 creatures vanquished

Notes
Turn   | Place    | Note
-------+----------+-------------------------------------------
     0 | D:1      | Hasart the Kobold Wizard began the quest for the Orb.
     0 | D:1      | Reached XP level 1. HP: 10/10 MP: 4/4
   229 | D:1      | Reached XP level 2. HP: 15/15 MP: 1/6
   405 | D:1      | Learned a level 2 spell: Blink
   408 | D:1      | Learned a level 2 spell: Call Imp
   746 | D:1      | Reached XP level 3. HP: 19/19 MP: 1/8
  1159 | D:2      | Noticed Sigmund
  1167 | D:1      | Learned a level 3 spell: Mephitic Cloud
  1181 | D:2      | Noticed Jessica
  1227 | D:2      | Slain by a worm

Skill      XL: |  1  2  3 |
---------------+----------+-----
Conjurations   | 2 |  2.2
Dodging        | |  2.9
Stealth        | |  2.6
Spellcasting   | |  3.5
Summonings     | |  1.3
Translocations | |  1.0

Action                   || total
-------------------------++-------
Melee: Short sword       ||    22
 Cast: Magic Dart        ||    46
       Call Imp          ||     3
       Mephitic Cloud    ||     2
  Use: Potion            ||     2
 Stab: Sleeping          ||     2
       Confused          ||     1
  Eat: Chunk             ||     9
Armor: Robe              ||     8
Dodge: Dodged            ||    30
